 Dungeon Crawl Stone Soup version 0.25-a0-589-g1e14c54 (webtiles) character file.

Game seed: 10332599162063910475, levelgen mode: deterministic

21507 relicbr the Destroyer (level 12, -9/73 HPs)
             Began as a Gargoyle Earth Elementalist on Mar 12, 2020.
             Was an Elder of Vehumet.
             Killed from afar by an ice statue (19 damage)
             ... with a bolt of cold
             ... in an ice cave.
             The game lasted 00:39:20 (13566 turns).

relicbr the Destroyer (GrEE)                       Turns: 13566, Time: 00:39:21

Health: -9/73      AC: 18    Str: 13    XL:     12   Next: 90%
Magic:  1/26       EV: 10    Int: 25    God:    Vehumet [****..]
Gold:   771        SH: 10    Dex: 10    Spells: 22/31 levels left

rFire    + . .     SeeInvis .   k - +3 mace (protect)
rCold    . . .     Gourm    .   H - +0 kite shield (curse)
rNeg     + . .     Faith    .   F - +0 steam dragon scales
rPois    ∞         Spirit   .   O - +1 hat {MR+}
rElec    +         Reflect  .   f - +0 cloak
rCorr    .         Harm     .   m - +2 pair of gloves
MR       +....                  (no boots)
Stlth    ++........             (no amulet)
HPRegen  0.22/turn              i - ring of protection from fire
MPRegen  0.20/turn              l - +5 ring of intelligence

@: hasted, very quick
A: negative energy resistance 1, electricity resistance, unbreathing,
petrification resistance, rot immunity, AC +8
a: Renounce Religion


You were in an ice cave.
You worshipped Vehumet.
Vehumet was greatly pleased with you.
You were not hungry.

You visited 3 branches of the dungeon, and saw 13 of its levels.
You also visited: Ice Cave.

You collected 771 gold pieces.

Inventory:

Hand Weapons
 k - a +3 mace of protection (weapon)
Missiles
 q - 58 stones
 v - 34 poisoned darts (quivered)
Armour
 f - a +0 cloak (worn)
 m - a +2 pair of gloves (worn)
 F - +0 steam dragon scales (worn)
 H - a cursed +0 kite shield (worn)
 O - a +1 hat of magic resistance (worn)
Jewellery
 a - an uncursed ring of stealth
 i - a ring of protection from fire (left hand)
 l - a +5 ring of intelligence (right hand)
Wands
 g - a wand of digging (8)
 y - a wand of paralysis (17)
 E - a wand of iceblast (11)
 N - a wand of clouds (7)
Scrolls
 e - a scroll of identify
 h - 5 scrolls of enchant weapon
 n - 2 scrolls of brand weapon
 r - 2 scrolls of amnesia
 s - 2 scrolls of teleportation
 w - a scroll of fog {unknown}
 C - a scroll of vulnerability {unknown}
Potions
 b - a potion of berserk rage {unknown}
 c - 3 potions of mutation
 j - 4 potions of invisibility
 o - 2 potions of might {unknown}
 p - 7 potions of haste
 t - 2 potions of cancellation
 u - 2 potions of magic {unknown}
 z - a potion of ambrosia {unknown}
 A - 2 potions of curing
 I - a potion of brilliance {unknown}
 J - a potion of stabbing {unknown}
 K - 2 potions of flight {unknown}
Miscellaneous
 L - a crystal ball of energy
Comestibles
 d - 14 rations


   Skills:
 - Level 8.0 Fighting
   Level 1.0 Axes
 - Level 1.5 Dodging
 - Level 2.1 Stealth
 - Level 8.0 Shields
 - Level 10.3 Spellcasting
 * Level 13.3 Conjurations
   Level 0.7 Transmutations
 - Level 10.0 Earth Magic


You had 22 spell levels left.
You knew the following spells:

 Your Spells              Type           Power        Failure   Level  Hunger
a - Sandblast             Erth           ######       1%          1    None
b - Stone Arrow           Conj/Erth      ######       1%          3    None
c - Lee's Rapid Deconstr  Erth           ######....   1%          5    ####...

Your spell library contained the following spells:

 Spells                   Type           Power        Failure   Level  Hunger
 Yara's Violent Unravell  Hex/Tmut       ##........   54%         5    ####...
 Passwall                 Tmut/Erth      #####...     1%          2    None
 Petrify                  Tmut/Erth      #####...     13%         4    None


Dungeon Overview and Level Annotations

Branches:
Dungeon (11/15)            Temple (1/1) D:6            Lair (1/6) D:11
    Orc (0/2) D:10          IceCv (1/1)

Altars:
Ashenzari
Cheibriados
Elyvilon
Fedhas
Kikubaaqudgha
Makhleb
Okawaru
Qazlal
Sif Muna
Trog
Uskayaw
Vehumet
Wu Jian
Xom
Yredelemnul
Zin
The Shining One

Shops:
D:11 %

Annotations:
D:7 1 runed translucent door, mistaj's ghost, novice GrFi IceCv 1 transporter, exclusion: ice statue


Innate Abilities, Weirdness & Mutations

You are resistant to torment.
Your stone body is resilient. (AC +8)
You are immune to poison.
You resist negative energy. (rN+)
You are resistant to electric shocks. (rElec)
You can survive without breathing.
You are immune to petrification.
You are immune to rotting.


Message History

Okay, then.
Your magical contamination has completely faded away.
Casting: Lee's Rapid Deconstruction (safe; 1% risk of failure)
Confirm with . or Enter, or press ? or * to list all spells.
Aiming: Sandblast (safe; 1% risk of failure)
Press: ? - help, Shift-Dir - straight line, f/p - ice statue
Aim: an ice statue (severely damaged)
The blast of sand hits the ice statue.
The ice statue is severely damaged.
q - 58 stones The ice statue gestures at you.
The freezing blast engulfs you but does no damage.
You are engulfed in freezing vapours.
* * * LOW HITPOINT WARNING * * *
Evoke which item? (* to show all) (? for menu, Esc to quit)
Okay, then.
Okay, then.
The ice statue gestures at you. The bolt of cold hits you!!
You die...

##..........
##...........#
#...†......8.#
#.........%.)#
#.∩.©....?."©#
#.........(./#
#.....○.8..8.#
##...○☼○.....#
##..☼○○YY@..#
##.☼○Y....##
####...###
#####


You could see an ice statue and 3 ice beasts.

Vanquished Creatures
  Gastronok (D:11)
  2 hydras
  A centaur warrior (D:11)
  4 two-headed ogres
  A queen ant (D:10)
  Nergalle (D:11)
  An unseen horror (D:10)
  2 ugly things (IceCv)
  A deep elf mage (D:7)
  Maurice (D:8)
  An elephant (D:11)
  An ice statue (IceCv)
  Maggie (D:8)
  A gargoyle (D:11)
  3 trolls
  2 hornets (D:10)
  4 hippogriffs
  A meliai zombie (D:11)
  2 wraiths (D:11)
  A wyvern (D:10)
  6 yaks
  A basilisk (D:11)
  A hungry ghost (D:9)
  7 soldier ants (D:10)
  4 black bears
  3 orc warriors
  8 ice beasts
  8 ogres
  A sky beast (D:10)
  2 phantoms
  15 centaurs
  A crocodile (D:11)
  A big kobold (D:10)
  4 bullfrogs
  A wyvern zombie (D:11)
  A scorpion (D:6)
  3 killer bees
  4 wights (D:7)
  A vampire bat (D:4)
  5 howler monkeys
  3 crimson imps
  A centaur zombie (D:5)
  2 bullfrog skeletons
  5 hounds
  A jelly (D:7)
  7 orc priests
  20 orc wizards
  23 worker ants
  A hound skeleton (D:4)
  A howler monkey zombie (D:6)
  A worker ant zombie (D:11)
  Robin (D:2)
  7 adders
  4 gnolls (D:3)
  4 shadow imps
  12 white imps (Lair:1)
  An adder zombie (D:9)
  2 oozes (D:5)
  A worm (D:4)
  2 dart slugs
  3 fire bats (D:4)
  3 leopard geckos
  21 orcs
  2 spectral bats (D:4)
  A ball python (D:1)
  3 bat skeletons (D:4)
  A bat zombie (D:4)
  4 giant cockroaches
  14 goblins
  8 hobgoblins
  11 jackals
  4 quokkas
  18 bats
  A bat simulacrum (D:4)
  3 frilled lizards
  9 kobolds
  A quokka skeleton (D:4)
  6 rats
321 creatures vanquished.

Vanquished Creatures (others)
  A withered plant (D:7)
1 creature vanquished.

Grand Total: 322 creatures vanquished

Notes
Turn   | Place    | Note
-------+----------+-------------------------------------------
     0 | D:1      | relicbr the Gargoyle Earth Elementalist began the quest for
                  | the Orb.
     0 | D:1      | Reached XP level 1. HP: 10/10 MP: 3/3
   170 | D:1      | Reached XP level 2. HP: 9/15 MP: 1/5
   660 | D:1      | Reached skill level 5 in Earth Magic
   660 | D:1      | Reached XP level 3. HP: 13/19 MP: 0/6
   877 | D:2      | Noticed Robin
   997 | D:2      | Killed Robin
  1254 | D:2      | Learned a level 3 spell: Stone Arrow
  1322 | D:2      | Reached XP level 4. HP: 24/24 MP: 2/7
  1885 | D:3      | Noticed a phantom
  1895 | D:3      | Killed a phantom
  1895 | D:3      | Reached XP level 5. HP: 23/28 MP: 0/8
  2300 | D:3      | Reached XP level 6. HP: 32/32 MP: 5/9
  2919 | D:4      | Found an ornate altar of the Wu Jian Council.
  2924 | D:4      | Found a shattered altar of Ashenzari.
  2933 | D:4      | Reached XP level 7. HP: 36/36 MP: 2/10
  3508 | D:4      | Reached skill level 10 in Earth Magic
  3800 | D:5      | Entered Level 5 of the Dungeon
  3910 | D:5      | Learned a level 5 spell: Lee's Rapid Deconstruction
  3990 | D:5      | Reached XP level 8. HP: 41/41 MP: 3/14
  4344 | D:5      | Reached skill level 5 in Spellcasting
  5125 | D:6      | Found a staircase to the Ecumenical Temple.
  5165 | Temple   | Entered the Ecumenical Temple
  5220 | Temple   | Became a worshipper of Vehumet
  5243 | D:6      | Found a shimmering blue altar of Sif Muna.
  5826 | D:6      | Reached XP level 9. HP: 45/45 MP: 13/20
  6037 | D:6      | Found a snail-covered altar of Cheibriados.
  6254 | D:7      | Reached * piety under Vehumet
  6254 | D:7      | Offered knowledge of Foxfire by Vehumet.
  6496 | D:7      | Found a runed translucent door.
  6497 | D:7      | Noticed mistaj's ghost (novice GrFi)
  7064 | D:7      | Noticed a deep elf mage
  7067 | D:7      | Killed a deep elf mage
  7067 | D:7      | Reached skill level 1 in Axes
  7190 | D:8      | Found an iron altar of Okawaru.
  7190 | D:8      | Found a bloodstained altar of Trog.
  7260 | D:8      | Noticed Maurice
  7268 | D:8      | Killed Maurice
  7268 | D:8      | Reached skill level 10 in Spellcasting
  7284 | D:8      | Noticed Maggie
  7380 | D:8      | Reached skill level 1 in Conjurations
  7382 | D:8      | Reached XP level 10. HP: 50/50 MP: 14/24
  7391 | D:8      | Reached skill level 2 in Conjurations
  7514 | D:8      | Noticed a two-headed ogre
  7520 | D:8      | Killed a two-headed ogre
  7520 | D:8      | Reached skill level 5 in Conjurations
  7616 | D:8      | Noticed a two-headed ogre
  7622 | D:8      | Killed a two-headed ogre
  7622 | D:8      | Reached skill level 6 in Conjurations
  7776 | D:8      | Killed Maggie
  7776 | D:8      | Reached skill level 7 in Conjurations
  8159 | D:8      | Found a glowing silver altar of Zin.
  8204 | D:9      | Reached skill level 8 in Conjurations
  8444 | D:9      | Offered knowledge of Magic Dart by Vehumet.
  8447 | D:9      | Reached ** piety under Vehumet
  8447 | D:9      | Reached skill level 9 in Conjurations
  8613 | D:8      | Reached XP level 11. HP: 39/54 MP: 6/25
  8719 | D:8      | Reached skill level 10 in Conjurations
  8747 | D:8      | Reached skill level 1 in Fighting
  9047 | D:9      | Found a glowing golden altar of the Shining One.
  9056 | D:9      | Found a basalt altar of Yredelemnul.
  9277 | D:10     | Entered Level 10 of the Dungeon
  9358 | D:10     | Noticed a two-headed ogre
  9391 | D:10     | Killed a two-headed ogre
  9580 | D:10     | Reached skill level 5 in Fighting
  9580 | D:10     | Reached skill level 1 in Shields
  9702 | D:10     | Offered knowledge of Dazzling Flash by Vehumet.
  9717 | D:10     | Killed an unseen horror
  9840 | D:10     | Noticed a two-headed ogre
  9848 | D:10     | Killed a two-headed ogre
 10039 | D:10     | Reached *** piety under Vehumet
 10345 | D:10     | Offered knowledge of Ignite Poison by Vehumet.
 10389 | D:10     | Noticed a queen ant
 10405 | D:10     | Reached skill level 5 in Shields
 10659 | D:10     | Killed a queen ant
 10761 | D:10     | Found a staircase to the Orcish Mines.
 11243 | D:11     | Reached XP level 12. HP: 50/73 MP: 2/26
 11255 | D:11     | Noticed Nergalle
 11265 | D:10     | Reached **** piety under Vehumet
 11443 | D:11     | Killed Nergalle
 11628 | D:11     | Found Cuuscharph's Food Shop.
 11693 | D:11     | Noticed Gastronok
 11811 | D:11     | Killed Gastronok
 11811 | D:11     | Reached skill level 11 in Conjurations
 11834 | D:11     | Noticed a centaur warrior
 12086 | D:11     | Killed a centaur warrior
 12216 | D:11     | Noticed a four-headed hydra
 12222 | D:11     | Killed a four-headed hydra
 12242 | D:11     | Reached skill level 12 in Conjurations
 12386 | D:11     | Found a staircase to the Lair.
 13065 | Lair:1   | Entered Level 1 of the Lair of Beasts
 13133 | Lair:1   | Noticed a seven-headed hydra
 13143 | Lair:1   | Killed a seven-headed hydra
 13221 | Lair:1   | Offered knowledge of Yara's Violent Unravelling by Vehumet.
 13255 | Lair:1   | Found a frozen archway.
 13361 | IceCv    | Entered an ice cave
 13369 | IceCv    | Reached skill level 13 in Conjurations
 13476 | IceCv    | Found a transporter.
 13546 | IceCv    | Found a transporter.
 13555 | IceCv    | HP: 2/73 [ice beast[an ice statue] (12)]
 13566 | IceCv    | Killed from afar by an ice statue

Levels and vault maps discovered:
D:1:      scummos_arrival_checkerplants, layout_basic
D:2:      layout_loops_cross, uniq_robin
D:3:      layout_loops_ring, chequers_serial_rivers_micro_e
D:4:      layout_basic, cheibrodos_ashenzari_chains, lemuel_doored_altar,
          goddamned_bats
D:5:      minmay_general_purpose_star, layout_basic, first_ration
D:6:      minmay_flawed_box, layout_basic, nicolae_overflow_crystal_walls,
          marbit_many_paths, minmay_temple_entry_gardened_gates
D:7:      layout_basic, gammafunk_ghost_grave, guppyfry_early_elven_hall
D:8:      layout_basic, kennysheep_mini_moat, grunt_temple_overflow_bloody_war,
          uniq_maurice, uniq_maggie
D:9:      layout_cave_pools, grunt_temple_overflow_holy_war, grunt_pizzeria
D:10:     layout_basic, orc_0_dummy, minmay_another_anthill
D:11:     layout_rooms, david_lair_generic, serial_shops, nicolae_shop_trees,
          minmay_microvault, uniq_gastronok, uniq_nergalle
Temple:   dshaligram_water_room_temple
Lair:1:   layout_concentric_octagons, portal_ice_cave_entry_imps,
          grunt_megastairs_2, lemuel_fruit_fields
IceCv:    ice_cave_statue_garden_transporter

Skill      XL: |  1  2  3  4  5  6  7  8  9 10 11 12 |
---------------+-------------------------------------+-----
Earth Magic    | 4 5 7 9 10 | 10.0
Spellcasting   | 4 7 10 | 10.3
Axes           | 1 |  1.0
Conjurations   | 1 9 10 13 | 13.3
Fighting       | 7 8 |  8.0
Shields        | 6 8 |  8.0
Dodging        | |  1.5
Stealth        | |  2.1
Transmutations | |  0.7

Action                   |  1- 3 |  4- 6 |  7- 9 | 10-12 || total
-------------------------+-------+-------+-------+-------++-------
Melee: Dagger            |    34 |    15 |       |       ||    49
       Unarmed           |     1 |       |       |       ||     1
       Short sword       |       |    71 |   117 |       ||   188
       Morningstar       |       |       |    15 |       ||    15
       Hand axe          |       |       |    15 |       ||    15
       Mace              |       |       |       |   102 ||   102
Throw: Dart              |       |    17 |    21 |    59 ||    97
 Cast: Sandblast         |    45 |    25 |    61 |   109 ||   240
       Stone Arrow       |     1 |     7 |    76 |   194 ||   278
       Lee's Rapid Decon |       |       |     3 |    25 ||    28
Evoke: Wand              |       |       |       |     4 ||     4
  Use: Scroll            |       |     2 |     9 |     4 ||    15
       Potion            |       |       |       |     8 ||     8
 Stab: Sleeping          |       |     3 |     2 |     1 ||     6
       Distracted        |       |       |     1 |       ||     1
  Eat: Chunk             |     2 |     6 |    16 |    15 ||    39
       Ration            |       |       |       |     3 ||     3
Armor: Robe              |    22 |       |       |       ||    22
       Animal skin       |       |    49 |   117 |       ||   166
       Steam dragon scal |       |       |       |   196 ||   196
Dodge: Dodged            |    28 |    80 |   157 |   177 ||   442
Block: Kite shield       |       |       |       |   139 ||   139

Table legend:
 A = Non-vault XP
 B = Vault XP
 C = Vault XP percentage of total XP
 D = Non-vault monster count
 E = Vault monster count
 F = Vault count percentage of total count
                 A         B        C        D         E       F
            +---------+---------+-------+---------+---------+-------
      Total |   18148 |   12577 |  40.9 |     216 |     105 |  32.7
            +---------+---------+-------+---------+---------+-------
        D:1 |      37 |      11 |  22.9 |      22 |       6 |  21.4
        D:2 |      50 |      21 |  29.6 |      15 |       4 |  21.1
        D:3 |     211 |       0 |   0.0 |      18 |       0 |   0.0
        D:4 |     432 |     172 |  28.5 |      21 |      20 |  48.8
        D:5 |     577 |      45 |   7.2 |      15 |       2 |  11.8
        D:6 |     588 |     405 |  40.8 |      13 |      11 |  45.8
        D:7 |     785 |     583 |  42.6 |      13 |       1 |   7.1
        D:8 |    3468 |     998 |  22.3 |      16 |       3 |  15.8
        D:9 |    1674 |     129 |   7.2 |      15 |       1 |   6.2
       D:10 |    5022 |    2686 |  34.8 |      31 |      29 |  48.3
       D:11 |    4166 |    5105 |  55.1 |      35 |       7 |  16.7
     Lair:1 |    1138 |     124 |   9.8 |       2 |      12 |  85.7
      IceCv |       0 |    2298 | 100.0 |       0 |       9 | 100.0
            +---------+---------+-------+---------+---------+-------
